 Dungeon Crawl Stone Soup version 0.29-a0-330-g52719c12eb (webtiles) character file.

Game seed: 4384523277631575692

473 kae the Magician (level 6, -5/32 HPs)
             Began as a Deep Elf Fire Elementalist on May 1, 2022.
             Killed from afar by Pikel (37 damage)
             ... with a bolt of acid
             ... on level 4 of the Dungeon.
             The game lasted 00:02:43 (5287 turns).

kae the Magician (Deep Elf Fire Elementalist)       Turns: 5287, Time: 00:02:44

Health: -5/32      AC:  4    Str:  5    XL:     6   Next: 83%
Magic:  6/17       EV: 12    Int: 22    God:
Gold:   182        SH:  0    Dex: 15    Spells: 4/17 levels left

rFire   . . .      SeeInvis .   g - +1 dagger (venom)
rCold   . . .      Faith    .   (no shield)
rNeg    . . .      Spirit   .   a - +1 robe
rPois   .          Reflect  .   o - +0 helmet
rElec   .          Harm     .   (no cloak)
rCorr   .          Rampage  .   (no gloves)
Will    .....                   (no boots)
Stlth   ++........              (no amulet)
HPRegen 0.10/turn               i - ring of flight
MPRegen 0.15/turn               (no ring)

@: flying
A: no striking features
a: no special abilities


You were on level 4 of the Dungeon.
You visited 1 branch of the dungeon, and saw 4 of its levels.

You collected 182 gold pieces.

Inventory:

Hand Weapons
 d - a +0 dagger
 g - a +1 dagger of venom (weapon)
Armour
 a - a +1 robe (worn)
 l - a +0 pair of boots
 o - a +0 helmet (worn)
Jewellery
 i - a ring of flight (left hand)
Wands
 e - a wand of iceblast (7)
Scrolls
 p - 3 scrolls of identify
Potions
 b - a potion of magic
 c - a potion of brilliance {unknown}
 f - a potion of haste
 h - 3 potions of curing
 j - a potion of mutation {unknown}
 k - 2 potions of attraction {unknown}
 m - a potion of degeneration {unknown}
 n - 2 potions of heal wounds {unknown}


   Skills:
 - Level 2.4 Dodging
 - Level 2.4 Stealth
 + Level 6.2 Spellcasting
 + Level 4.5 Conjurations
 + Level 5.6 Fire Magic


You had 4 spell levels left.
You knew the following spells:

 Your Spells              Type           Power      Damage    Failure   Level
a - Foxfire               Conj/Fire      100%       2x1d9     1%          1
b - Scorch                Fire           62%        2d8       1%          2
c - Conjure Flame         Conj/Fire      29%        6-21      3%          3
d - Inner Flame           Hex/Fire       19%        N/A       9%          3
e - Flame Wave            Conj/Fire      29%        2d8       11%         4

Your spell library contained the following spells:

 Spells                   Type           Power      Damage    Failure   Level
 Magic Dart               Conj           100%       1d8       1%          1
 Searing Ray              Conj           52%        2d6       2%          2
 Call Imp                 Summ           6%         N/A       14%         2
 Mephitic Cloud           Conj/Pois/Air  13%        N/A       14%         3
 Gell's Gravitas          Tloc           6%         N/A       26%         3
 Teleport Other           Tloc           6%         N/A       26%         3
 Fulminant Prism          Conj/Hex       8%         3d7       34%         4
 Dispersal                Tloc           3%         N/A       100%        6


Dungeon Overview and Level Annotations

Branches:
Dungeon (4/15)
 Temple: D:4-7

Altars:

Annotations:
D:4 Pikel


Message History

Confirm with . or Enter, or press ? or * to list all spells.
The spell is quite dangerous to miscast (9% risk of failure)!
Continue anyway? [Y]es or [N]o only, please.
The spell is quite dangerous to miscast (9% risk of failure)!
Continue anyway? [Y]es or [N]o only, please.
The spell is quite dangerous to miscast (9% risk of failure)!
Continue anyway?
Okay, then.
Casting: Inner Flame (quite dangerous; 9% risk of failure)
Confirm with . or Enter, or press ? or * to list all spells.
You conjure some foxfire!
The foxfire hits Pikel.
Pikel is heavily wounded.
The foxfire hits Pikel!
Pikel is severely wounded.
Casting: Foxfire (safe; 1% risk of failure)
Confirm with . or Enter, or press ? or * to list all spells.
You conjure some foxfire!
The foxfire hits Pikel.
Pikel is severely wounded.
The foxfire hits Pikel.
Pikel is severely wounded.
Casting: Foxfire (safe; 1% risk of failure)
Confirm with . or Enter, or press ? or * to list all spells.
You conjure some foxfire!
The foxfire hits Pikel.
Pikel is almost dead.
The foxfire hits Pikel but does no damage.
Pikel is almost dead.
Casting: Foxfire (safe; 1% risk of failure)
Confirm with . or Enter, or press ? or * to list all spells.
You conjure some foxfire!
The foxfire hits Pikel.
Pikel is almost dead.
The foxfire hits Pikel but does no damage.
Pikel is almost dead.
Casting: Foxfire (safe; 1% risk of failure)
Confirm with . or Enter, or press ? or * to list all spells.
You conjure some foxfire!
Pikel zaps a wand.
The bolt of acid hits you!!!
Ouch! That really hurt!
You die...

..###...######## ##
#..............# #.
.........##.....# #.
..........#.....# #.
................# ##
................# ..# #
............†...# ...#
J..........##v#### ...# ####
............@§K5# #..# #...
.........###v##5####..####...
.......## #.#...............
....... ).#........#######
###..# ##(#.........#
#.#......K..## #............#
#.########.#K##### #.
######.#.5..!.


You could see Pikel (ally target) and 2 lemures.

Vanquished Creatures
  Menkaure (D:4)
  A phantom (D:4)
  A hound (D:4)
  An orc priest (D:3)
  Terence (D:3)
  An orc wizard (D:3)
  2 iguanas
  An adder (D:3)
  3 worms
  A dart slug (D:2)
  4 orcs
  7 ball pythons
  5 bats
  10 endoplasms
  4 giant cockroaches
  7 goblins
  6 hobgoblins
  8 jackals
  10 kobolds
  4 quokkas
  3 frilled lizards
  7 rats
88 creatures vanquished.

Vanquished Creatures (collateral kills)
  9 foxfires (D:2)
9 creatures vanquished.

Vanquished Creatures (others)
  323 foxfires
  6 plants (D:2)
329 creatures vanquished.

Grand Total: 426 creatures vanquished

Notes
Turn   | Place    | Note
-------+----------+-------------------------------------------
     0 | D:1      | kae the Deep Elf Fire Elementalist began the quest for the
                  | Orb.
     0 | D:1      | Reached XP level 1. HP: 10/10 MP: 6/6
   262 | D:1      | Reached XP level 2. HP: 15/15 MP: 5/8
   919 | D:1      | Learned a level 2 spell: Scorch
   958 | D:1      | Reached XP level 3. HP: 19/19 MP: 8/10
   965 | D:1      | Learned a level 3 spell: Conjure Flame
  1128 | D:1      | Learned a level 3 spell: Inner Flame
  1846 | D:2      | Reached skill level 4 in Spellcasting
  2687 | D:3      | Reached XP level 4. HP: 16/24 MP: 4/12
  3327 | D:3      | Reached XP level 5. HP: 16/28 MP: 3/14
  3784 | D:3      | Noticed Terence
  3801 | D:3      | Killed Terence
  3802 | D:3      | Reached skill level 5 in Spellcasting
  4321 | D:4      | Noticed a phantom
  4527 | D:4      | Noticed a lemure
  4529 | D:4      | Noticed Pikel
  4529 | D:4      | Noticed a lemure
  4529 | D:4      | Noticed a lemure
  4529 | D:4      | Noticed a lemure
  4878 | D:4      | Learned a level 4 spell: Flame Wave
  4888 | D:4      | Killed a phantom
  4889 | D:4      | Reached skill level 5 in Fire Magic
  4889 | D:4      | Reached XP level 6. HP: 32/32 MP: 9/16
  4992 | D:4      | Noticed Menkaure
  5039 | D:4      | Killed Menkaure
  5040 | D:4      | Reached skill level 6 in Spellcasting
  5287 | D:4      | Killed from afar by Pikel

Illustrated notes

Levels and vault maps discovered:
D:1:      heliophobic_arrival_enchanted_forest, layout_loops_corners,
          minmay_misc_feat_ornament
D:2:      layout_loops_ring, serial_forest, infiniplex_forest_clump_double,
          infiniplex_forest_lined_1, infiniplex_forest_clump_tiny,
          infiniplex_forest_clump_cross, infiniplex_forest_lined_room_,
          infiniplex_forest_lined_room_3, infiniplex_forest_corner_1,
          grunt_decor_junction
D:3:      layout_loops_corners, uniq_terence
D:4:      layout_rooms, minmay_ruined_shrine, uniq_menkaure, uniq_pikel,
          uniq_eustachio

Skill      XL: |  1  2  3  4  5  6 |
---------------+-------------------+-----
Conjurations   | 2 3 4 |  4.5
Spellcasting   | 4 5 6 |  6.2
Fire Magic     | 4 5 |  5.6
Dodging        | |  2.4
Stealth        | |  2.4

Action                   |  1- 3 |  4- 6 || total
-------------------------+-------+-------++-------
Melee: Unarmed           |     4 |       ||     4
       Dagger            |    13 |       ||    13
       Punch             |     1 |       ||     1
 Cast: Foxfire           |   117 |    92 ||   209
       Scorch            |     3 |    20 ||    23
       Conjure Flame     |       |     2 ||     2
  Use: Scroll            |       |     8 ||     8
       Potion            |       |     1 ||     1
Armor: Robe              |     3 |     6 ||     9
Dodge: Dodged            |    22 |    30 ||    52

Table legend: (Time is in decaauts)
 A = Elapsed time spent in this place.
 B = Non-inter-level travel time spent in this place.
 C = Inter-level travel time spent in this place.
 D = Time resting spent in this place.
 E = Time spent auto-exploring this place.
 F = Levels seen in this place.
 G = Mean time per level.
                   A        B        C        D        E       F      G
               +--------+--------+--------+--------+--------+-----+--------+
         Total |   5274 |   5126 |    148 |    258 |   4122 |   4 | 1318.5 |
       Dungeon |   5274 |   5126 |    148 |    258 |   4122 |   4 | 1318.5 |
               +--------+--------+--------+--------+--------+-----+--------+

Top non-repeatable levels by time:
     D:3: 1988 daAuts
     D:1: 1507 daAuts
     D:2: 1141 daAuts
     D:4: 637 daAuts
